TOP OF THE 1ST |
Seattle (APP) Mariners batting - Pitching for Oakland (APP) Athletics : LHP Kevin Barteaux
|
Pitching: LHP Kevin Barteaux
|
|
Batting: RHB Kikuo Sato
|
0-0: Ball 1-0: SINGLE (Groundball, 6M, EV 101.9 MPH)
|
Batting: RHB Mike Conaway
|
0-0: Foul Ball, location: 2F 0-1: Ball 1-1: Called Strike Kikuo Sato steals 2nd base 1-2: Ground out 6-3 (Groundball, P, EV 86.9 MPH) Kikuo Sato to third
|
Batting: RHB Tze-meng Li
|
0-0: Ball 1-0: Ball 2-0: Fly out, F8 (Line Drive, 8LM, EV 101.2 MPH)
|
Batting: LHB Ryan Lowe
|
0-0: Foul Ball, location: 2F 0-1: Swinging Strike 0-2: Strikes out swinging
|
Top of the 1st over - 0 runs, 1 hit, 0 errors, 1 left on base; Seattle (APP) 0 - Oakland (APP) 0 |
BOTTOM OF THE 1ST |
Oakland (APP) Athletics batting - Pitching for Seattle (APP) Mariners : RHP Luis Castro
|
Pitching: RHP Luis Castro
|
|
Batting: RHB Colin Coleman
|
0-0: Reached on error, E6 (Groundball, 6, EV 101.2 MPH)
|
Batting: RHB Steve Blackshear
|
0-0: Ball 1-0: Called Strike 1-1: Ball Colin Coleman steals 2nd base 2-1: SINGLE (Line Drive, 4MD, EV 105.0 MPH) Colin Coleman to third
|
Batting: RHB Matt Black
|
0-0: Ball 1-0: Foul Ball, location: 2F 1-1: Foul Ball, location: 2F 1-2: Ball 2-2: Ball 3-2: Foul Ball, location: 2F 3-2: 3-RUN HOME RUN (Line Drive, 7D, EV 99.4 MPH), Distance : 392 ft
|
Batting: RHB Josh Whaley
|
0-0: Ball 1-0: Called Strike 1-1: Swinging Strike 1-2: Strikes out looking
|
Batting: LHB Augustin Cormier
|
0-0: Foul Ball, location: 2F 0-1: Foul Ball, location: 2F 0-2: Ball 1-2: Ball 2-2: Strikes out swinging
|
Batting: RHB Chris Temple
|
0-0: Ball 1-0: Foul Ball, location: 2F 1-1: Ball 2-1: Called Strike 2-2: Ball 3-2: Foul Ball, location: 2F 3-2: Strikes out swinging
|
Bottom of the 1st over - 3 runs, 2 hits, 1 error, 0 left on base; Seattle (APP) 0 - Oakland (APP) 3 |
TOP OF THE 2ND |
Seattle (APP) Mariners batting - Pitching for Oakland (APP) Athletics : LHP Kevin Barteaux
|
Batting: RHB Ivan Davila
|
0-0: Fly out, F4 (Line Drive, 4, EV 74.4 MPH)
|
Batting: RHB Chris Olheiser
|
0-0: Called Strike 0-1: Ball 1-1: Ball 2-1: Foul Ball, location: 2F 2-2: Ball 3-2: Strikes out swinging
|
Batting: SHB Tony Morales
|
0-0: Ball 1-0: Ball 2-0: Foul Ball, location: 2F 2-1: Foul Ball, location: 2F 2-2: Strikes out swinging
|
Top of the 2nd over - 0 runs, 0 hits, 0 errors, 0 left on base; Seattle (APP) 0 - Oakland (APP) 3 |
BOTTOM OF THE 2ND |
Oakland (APP) Athletics batting - Pitching for Seattle (APP) Mariners : RHP Luis Castro
|
Batting: LHB Al Soltero
|
0-0: Ball 1-0: Ball 2-0: Called Strike 2-1: Swinging Strike 2-2: Fly out, F9 (Flyball, 89M, EV 83.8 MPH)
|
Batting: RHB Branden Mackie
|
0-0: Called Strike 0-1: Foul Ball, location: 2F 0-2: Ball 1-2: Ball 2-2: Strikes out swinging
|
Batting: LHB Mark Friedmann
|
0-0: Foul Ball, location: 2F 0-1: Swinging Strike 0-2: SINGLE (Flyball, 4D, EV 85.0 MPH)
|
Pitching: RHP Harry Hammons
|
|
Batting: RHB Colin Coleman
|
0-0: Ball 1-0: Fly out, F9 (Flyball, 9LS, EV 96.9 MPH)
|
Bottom of the 2nd over - 0 runs, 1 hit, 0 errors, 1 left on base; Seattle (APP) 0 - Oakland (APP) 3 |
TOP OF THE 3RD |
Seattle (APP) Mariners batting - Pitching for Oakland (APP) Athletics : LHP Kevin Barteaux
|
Batting: RHB Enrique Valdez
|
0-0: Called Strike 0-1: DOUBLE (Line Drive, 89M, EV 106.9 MPH)
|
Batting: RHB John Vasquez
|
0-0: Ball 1-0: Swinging Strike 1-1: Foul Ball, location: 2F 1-2: Ball 2-2: Strikes out swinging
|
Batting: RHB Kikuo Sato
|
0-0: Called Strike 0-1: Ball 1-1: Ball 2-1: Foul Ball, location: 2F 2-2: Foul Ball, location: 2F 2-2: Ball 3-2: Foul Ball, location: 2F 3-2: Strikes out swinging
|
Batting: RHB Mike Conaway
|
0-0: Ball 1-0: Ball 2-0: Swinging Strike 2-1: Foul Ball, location: 2F 2-2: Strikes out swinging
|
Top of the 3rd over - 0 runs, 1 hit, 0 errors, 1 left on base; Seattle (APP) 0 - Oakland (APP) 3 |
BOTTOM OF THE 3RD |
Oakland (APP) Athletics batting - Pitching for Seattle (APP) Mariners : RHP Harry Hammons
|
Batting: RHB Steve Blackshear
|
0-0: Foul Ball, location: 2F 0-1: Swinging Strike 0-2: Ball 1-2: Foul Ball, location: 2F 1-2: Ball 2-2: Strikes out swinging
|
Batting: RHB Matt Black
|
0-0: Ball 1-0: Called Strike 1-1: Foul Ball, location: 2F 1-2: Strikes out swinging
|
Batting: RHB Josh Whaley
|
0-0: Ball 1-0: Hit by Pitch
|
Batting: LHB Augustin Cormier
|
0-0: Ball 1-0: Swinging Strike 1-1: Called Strike 1-2: Ball 2-2: Ball 3-2: Foul Ball, location: 2F 3-2: Base on Balls Josh Whaley to second
|
Batting: RHB Chris Temple
|
0-0: Swinging Strike 0-1: Ball 1-1: Called Strike 1-2: SINGLE (Line Drive, 78M, EV 103.8 MPH) Josh Whaley to third Augustin Cormier to second
|
Batting: LHB Al Soltero
|
0-0: Foul Ball, location: 2F 0-1: Ball 1-1: Swinging Strike 1-2: GRAND SLAM HOME RUN (Flyball, 9D, EV 93.1 MPH), Distance : 341 ft
|
Batting: RHB Branden Mackie
|
0-0: Ball 1-0: Ball 2-0: Ball 3-0: Called Strike 3-1: Base on Balls
|
Batting: LHB Mark Friedmann
|
0-0: Ball 1-0: Fly out, F8 (Flyball, 8LS, EV 93.8 MPH)
|
Bottom of the 3rd over - 4 runs, 2 hits, 0 errors, 1 left on base; Seattle (APP) 0 - Oakland (APP) 7 |
TOP OF THE 4TH |
Seattle (APP) Mariners batting - Pitching for Oakland (APP) Athletics : LHP Kevin Barteaux
|
Batting: RHB Tze-meng Li
|
0-0: Fly out, F4 (Line Drive, 4, EV 74.4 MPH)
|
Batting: LHB Ryan Lowe
|
0-0: Ball 1-0: Fly out, F9 (Flyball, 89M, EV 79.4 MPH)
|
Batting: RHB Ivan Davila
|
0-0: Ball 1-0: Fly out, F4 (Popup, 3S, EV 78.8 MPH)
|
Top of the 4th over - 0 runs, 0 hits, 0 errors, 0 left on base; Seattle (APP) 0 - Oakland (APP) 7 |
BOTTOM OF THE 4TH |
Oakland (APP) Athletics batting - Pitching for Seattle (APP) Mariners : RHP Harry Hammons
|
Batting: RHB Colin Coleman
|
0-0: Called Strike 0-1: Foul Ball, location: 2F 0-2: Ball 1-2: Foul Ball, location: 2F 1-2: Fly out, F8 (Flyball, 78S, EV 79.4 MPH)
|
Pitching: LHP Mitch Lewis
|
|
Batting: RHB Steve Blackshear
|
0-0: Foul Ball, location: 2F 0-1: Swinging Strike 0-2: Ball 1-2: SOLO HOME RUN (Line Drive, 7D, EV 106.2 MPH), Distance : 385 ft
|
Batting: RHB Matt Black
|
0-0: Foul Ball, location: 2F 0-1: Ball 1-1: Called Strike 1-2: Foul Ball, location: 2F 1-2: Ball 2-2: Foul Ball, location: 2F 2-2: Ball 3-2: Strikes out looking
|
Batting: RHB Josh Whaley
|
0-0: Ball 1-0: Called Strike 1-1: Foul Ball, location: 2F 1-2: Foul Ball, location: 2F 1-2: Ball 2-2: Fly out, F8 (Line Drive, 8LM, EV 98.8 MPH)
|
Bottom of the 4th over - 1 run, 1 hit, 0 errors, 0 left on base; Seattle (APP) 0 - Oakland (APP) 8 |
TOP OF THE 5TH |
Seattle (APP) Mariners batting - Pitching for Oakland (APP) Athletics : LHP Kevin Barteaux
|
Batting: RHB Chris Olheiser
|
0-0: Ball 1-0: Called Strike 1-1: Fly out, F9 (Flyball, 9LS, EV 83.1 MPH)
|
Batting: SHB Tony Morales
|
0-0: Swinging Strike 0-1: SINGLE (Groundball, 56D, EV 106.2 MPH)
|
Batting: RHB Enrique Valdez
|
0-0: Called Strike 0-1: Ball 1-1: Ball 2-1: Ball 3-1: Fielders Choice at 2nd, 6-4 (Groundball, 6, EV 101.9 MPH)
|
Batting: RHB John Vasquez
|
0-0: Called Strike 0-1: Called Strike 0-2: Foul Ball, location: 2F 0-2: Ball 1-2: Foul Ball, location: 2F 1-2: Foul Ball, location: 2F 1-2: Ball 2-2: Strikes out swinging, 2-3 out at first.
|
Top of the 5th over - 0 runs, 1 hit, 0 errors, 1 left on base; Seattle (APP) 0 - Oakland (APP) 8 |
BOTTOM OF THE 5TH |
Oakland (APP) Athletics batting - Pitching for Seattle (APP) Mariners : LHP Mitch Lewis
|
Batting: LHB Augustin Cormier
|
0-0: Called Strike 0-1: Fly out, F5 (Popup, 6, EV 60.0 MPH)
|
Batting: RHB Chris Temple
|
0-0: Called Strike 0-1: Ball 1-1: Ball 2-1: Foul Ball, location: 2F 2-2: Strikes out looking
|
Batting: LHB Al Soltero
|
0-0: Called Strike 0-1: Swinging Strike 0-2: Ball 1-2: Ball 2-2: Strikes out swinging
|
Bottom of the 5th over - 0 runs, 0 hits, 0 errors, 0 left on base; Seattle (APP) 0 - Oakland (APP) 8 |
TOP OF THE 6TH |
Seattle (APP) Mariners batting - Pitching for Oakland (APP) Athletics : LHP Kevin Barteaux
|
Batting: RHB Kikuo Sato
|
0-0: Ball 1-0: Called Strike 1-1: Ball 2-1: Called Strike 2-2: Foul Ball, location: 2F 2-2: Foul Ball, location: 2F 2-2: Ball 3-2: SINGLE (Line Drive, 34D, EV 95.6 MPH)
|
Pitching: LHP David Arnold
|
|
Batting: RHB Mike Conaway
|
0-0: Ball 1-0: Ball Kikuo Sato steals 2nd base 2-0: Fly out, F4 (Popup, 4, EV 63.8 MPH)
|
Batting: RHB Tze-meng Li
|
0-0: Fly out, F8 (Line Drive, 8LM, EV 103.1 MPH)
|
Batting: LHB Ryan Lowe
|
0-0: Ball 1-0: Ball 2-0: Called Strike 2-1: Foul Ball, location: 2F 2-2: Ball 3-2: Foul Ball, location: 2F 3-2: Foul Ball, location: 2F 3-2: Strikes out swinging
|
Top of the 6th over - 0 runs, 1 hit, 0 errors, 1 left on base; Seattle (APP) 0 - Oakland (APP) 8 |
BOTTOM OF THE 6TH |
Oakland (APP) Athletics batting - Pitching for Seattle (APP) Mariners : LHP Mitch Lewis
|
Pitching: RHP Matt Lane
|
|
Batting: RHB Branden Mackie
|
0-0: Foul Ball, location: 2F 0-1: Ground out 4-3 (Groundball, 4, EV 84.4 MPH)
|
Batting: LHB Mark Friedmann
|
0-0: Ball 1-0: Ball 2-0: Called Strike 2-1: Called Strike 2-2: Ball 3-2: Fly out, F8 (Flyball, 89D, EV 101.2 MPH)
|
Batting: RHB Colin Coleman
|
0-0: Ball 1-0: Called Strike 1-1: Ball 2-1: Foul Ball, location: 2F 2-2: Ground out U3 (Groundball, 34S, EV 85.0 MPH)
|
Bottom of the 6th over - 0 runs, 0 hits, 0 errors, 0 left on base; Seattle (APP) 0 - Oakland (APP) 8 |
TOP OF THE 7TH |
Seattle (APP) Mariners batting - Pitching for Oakland (APP) Athletics : LHP David Arnold
|
Batting: RHB Ivan Davila
|
0-0: Ball 1-0: Swinging Strike 1-1: Ground out 5-3 (Groundball, 5, EV 104.4 MPH)
|
Batting: RHB Chris Olheiser
|
0-0: Ball 1-0: Called Strike 1-1: Ball 2-1: Swinging Strike 2-2: Strikes out looking
|
Pinch Hitting: RHB Danny Pujols
|
0-0: Called Strike 0-1: Foul Ball, location: 2F 0-2: Foul Ball, location: 2F 0-2: Foul Ball, location: 2F 0-2: Strikes out looking
|
Top of the 7th over - 0 runs, 0 hits, 0 errors, 0 left on base; Seattle (APP) 0 - Oakland (APP) 8 |
BOTTOM OF THE 7TH |
Oakland (APP) Athletics batting - Pitching for Seattle (APP) Mariners : RHP Matt Lane
|
Now at 2B: Enrique Valdez
|
|
Now at 3B: Danny Pujols
|
|
Now at SS: Tze-meng Li
|
|
Batting: RHB Steve Blackshear
|
0-0: Foul Ball, location: 2F 0-1: Fly out, F8 (Line Drive, 8RD, EV 103.8 MPH)
|
Pinch Hitting: LHB Gregg Power
|
0-0: Swinging Strike 0-1: Swinging Strike 0-2: Strikes out looking
|
Batting: RHB Josh Whaley
|
0-0: Called Strike 0-1: SINGLE (Line Drive, 78M, EV 101.2 MPH)
|
Batting: LHB Augustin Cormier
|
0-0: Ball 1-0: Called Strike 1-1: Foul Ball, location: 2F 1-2: Ball 2-2: Foul Ball, location: 2F 2-2: Ball 3-2: Foul Ball, location: 2F 3-2: Ground out 4-3 (Groundball, 34D, EV 100.6 MPH)
|
Bottom of the 7th over - 0 runs, 1 hit, 0 errors, 1 left on base; Seattle (APP) 0 - Oakland (APP) 8 |
TOP OF THE 8TH |
Seattle (APP) Mariners batting - Pitching for Oakland (APP) Athletics : LHP David Arnold
|
Now at 1B: Jason Dove
|
|
Batting: RHB Enrique Valdez
|
0-0: Swinging Strike 0-1: Ball 1-1: Swinging Strike 1-2: Strikes out swinging
|
Batting: RHB John Vasquez
|
0-0: Foul Ball, location: 2F 0-1: Ball 1-1: Ball 2-1: Ball 3-1: Base on Balls
|
Pinch Hitting: RHB Houston Brock
|
0-0: Foul Ball, location: 2F 0-1: Foul Ball, location: 2F 0-2: Ball 1-2: Fielders Choice at 2nd, 1-4 (Groundball, 15S, EV 76.2 MPH)
|
Batting: RHB Mike Conaway
|
0-0: Ball 1-0: Ball 2-0: Called Strike 2-1: Ball 3-1: Ground out 4-3 (Groundball, 4, EV 106.2 MPH)
|
Top of the 8th over - 0 runs, 0 hits, 0 errors, 1 left on base; Seattle (APP) 0 - Oakland (APP) 8 |
BOTTOM OF THE 8TH |
Oakland (APP) Athletics batting - Pitching for Seattle (APP) Mariners : RHP Matt Lane
|
Now in CF: Houston Brock
|
|
Batting: RHB Chris Temple
|
0-0: Ball 1-0: SINGLE (Line Drive, 4D, EV 103.1 MPH)
|
Batting: LHB Al Soltero
|
0-0: Ball 1-0: Ball 2-0: Ball 3-0: Called Strike 3-1: Swinging Strike 3-2: Foul Ball, location: 5F, Error on foul ball, E5 3-2: Foul Ball, location: 2F 3-2: Fly out, F8 (Flyball, 89S, EV 87.5 MPH)
|
Pitching: LHP Adam Parrish
|
|
Batting: RHB Branden Mackie
|
0-0: Ball 1-0: Ball 2-0: Called Strike 2-1: Foul Ball, location: 2F 2-2: Foul Ball, location: 2F 2-2: Ball 3-2: Grounds into double play, 6-4-3 (Groundball, 6, EV 83.1 MPH)
|
Bottom of the 8th over - 0 runs, 1 hit, 1 error, 0 left on base; Seattle (APP) 0 - Oakland (APP) 8 |
TOP OF THE 9TH |
Seattle (APP) Mariners batting - Pitching for Oakland (APP) Athletics : LHP David Arnold
|
Batting: RHB Tze-meng Li
|
0-0: Called Strike 0-1: SINGLE (Groundball, 5S, EV 75.6 MPH) (infield hit)
|
Batting: LHB Ryan Lowe
|
0-0: Ball 1-0: Ball 2-0: Ball 3-0: Called Strike 3-1: Base on Balls Tze-meng Li to second
|
Pitching: RHP Nick Cunningham
|
|
Batting: RHB Ivan Davila
|
0-0: Ball 1-0: Ball 2-0: Ball 3-0: Base on Balls Tze-meng Li to third Ryan Lowe to second
|
Batting: RHB Chris Olheiser
|
0-0: Foul Ball, location: 2F 0-1: Ball 1-1: Foul Ball, location: 2F 1-2: Foul Ball, location: 2F 1-2: Ball 2-2: Ball 3-2: Foul Ball, location: 2F 3-2: Strikes out swinging
|
Pinch Hitting: RHB Hideo Okimura
|
0-0: Foul Ball, location: 2F 0-1: Ball 1-1: Foul Ball, location: 2F 1-2: Ball 2-2: Fly out, F9 (Flyball, 89S, EV 83.1 MPH)
|
Batting: RHB Enrique Valdez
|
0-0: Called Strike 0-1: Fly out, F9 (Flyball, 89D, EV 88.1 MPH)
|
Top of the 9th over - 0 runs, 1 hit, 0 errors, 3 left on base; Seattle (APP) 0 - Oakland (APP) 8 |
|